Map: [ESL] Alcyone

Players

Ukko

  • Race: Zerg Zerg
  • Spawn Location: 1:00

Nina - Winner!

  • Race: Protoss Protoss
  • Spawn Location: 7:00

Event: ESL SC2 Masters 2023 Winter (Regional)

VOD

Have the link to the VOD?

Description

Time

  • Played on: Oct. 29, 2023, 3:09 p.m.
  • Length: 13:13

All games in this series

Show
View Real Time Build Order
Export as new Build Order

Ukko Zerg 

Build Orders: Hatch First 

Get SALT Encoding   

  12  0:00  Drone  
  13  0:12  Overlord  
  13  0:16  Drone  
  14  0:30  Drone x2  
  16  0:47  Hatchery  
  15  0:50  Drone  
  15  0:54  Drone  
  17  0:58  Drone  
  18  1:08  Extractor  
  17  1:13  Spawning Pool  
  17  1:15  Drone  
  17  1:19  Drone  
  18  1:28  Drone  
  19  1:38  Drone  
  20  1:48  Overlord  
  20  2:00  Queen x2  
  24  2:01  Zergling x4  
  26  2:16  Metabolic Boost  
  26  2:18  Drone x2  
  26  2:22  Drone x2  
  30  2:37  Hatchery  
  30  2:41  Queen  
  31  2:46  Overlord  
  31  2:50  Drone  
  32  2:52  Drone  
  32  2:57  Zergling x6  
  36  3:04  Queen  
  38  3:13  Drone x3  
  38  3:17  Overlord  
  41  3:27  Drone x2  
  41  3:31  Overlord  
  41  3:33  Drone  
  44  3:35  Queen  
  44  3:36  Drone  
  44  3:40  Drone x2  
  44  3:41  Drone  
  50  3:47  Queen  
  52  3:51  Overlord  
  52  3:53  Drone  
  53  3:58  Drone x2  
  53  4:01  Spore Crawler  
  54  4:05  Drone x3  
  55  4:18  Drone  
  55  4:19  Drone x6  
  55  4:22  Queen  
  64  4:28  Overlord  
  64  4:30  Drone x2  
  66  4:37  Overlord x3  
  66  4:42  Lair  
  66  4:51  Drone x6  
  71  4:55  Drone x2  
  71  4:59  Roach Warren  
  72  5:01  Evolution Chamber  
  70  5:09  Spore Crawler  
  70  5:10  Drone x8  
  77  5:18  Hatchery  
  76  5:23  Drone x2, Spore Crawler  
  76  5:24  Extractor  
  76  5:26  Drone x2  
  78  5:29  Drone x2  
  78  5:34  Overlord  
  80  5:36  Drone x5  
  80  5:37  Extractor  
  80  5:38  Extractor  
  80  5:42  Drone x3  
  86  5:44  Zerg Melee Weapons Level 1, Extractor  
  86  5:48  Glial Reconstitution  
  84  5:51  Drone x6  
  84  5:56  Extractor  
  89  5:58  Spore Crawler  
  89  6:03  Overlord x3  
  88  6:04  Pneumatized Carapace  
  88  6:11  Overlord x4  
  88  6:20  Roach x6  
  88  6:25  Roach  
  102  6:29  Roach  
  102  6:31  Roach x2  
  108  6:37  Roach x6  
  108  6:39  Roach  
  122  6:46  Spore Crawler  
  121  6:52  Roach x5  
  131  6:59  Zergling x6  
  131  7:00  Ravager  
  131  7:01  Ravager x3  
  138  7:02  Zergling x14  
  145  7:11  Zergling x12  
  145  7:12  Ravager x2  
  153  7:20  Zergling x2  
  153  7:25  Zergling x8  
  150  7:34  Ravager x3  
  150  7:35  Queen x3  
  150  7:36  Zergling x16  
  154  7:47  Zergling x12  
  155  7:57  Drone x3  
  157  8:00  Extractor  
  157  8:01  Zerg Melee Weapons Level 2  
  157  8:02  Extractor, Spire  
  157  8:03  Baneling Nest  
  157  8:05  Drone x7  
  157  8:13  Overlord x6  
  140  8:22  Roach x4  
  138  8:28  Zergling x14  
  138  8:31  Zergling x8  
  139  8:40  Hatchery  
  138  8:41  Roach x2  
  138  8:47  Centrifugal Hooks  
  138  8:48  Roach x3  
  148  8:51  Roach x2  
  150  9:00  Zergling x2, Roach x6  
  159  9:20  Mutalisk x8, Zerg Flyer Weapons Level 1  
  170  9:26  Mutalisk x3  
  170  9:27  Zergling x4  
  170  9:31  Mutalisk, Zergling x2  
  170  9:41  Mutalisk  
  170  9:42  Zergling x2  
  170  9:44  Mutalisk  
  175  9:52  Mutalisk x3, Zergling x4  
  181  9:57  Hatchery  
  181  9:58  Mutalisk  
  181  9:59  Zergling x8  
  186  10:01  Zergling x4  
  187  10:07  Mutalisk x2  
  187  10:08  Zergling x6  
  187  10:11  Mutalisk  
  187  10:12  Zergling x2  
  188  10:17  Mutalisk  
  188  10:18  Zergling x8  
  194  10:26  Mutalisk x2, Zergling x2  
  197  10:31  Mutalisk  
  197  10:32  Zergling x12  
  197  10:45  Zerg Missile Weapons Level 1  
  197  10:47  Infestation Pit  
  197  10:48  Baneling x9  
  196  10:50  Zergling x2  
  196  10:51  Zergling x4  
  198  11:02  Zergling x18  
  198  11:09  Mutalisk x3  
  198  11:10  Zergling x18  
  191  11:19  Mutalisk x3, Zergling x2  
  191  11:20  Zergling x2  
  199  11:29  Hive  
  199  11:30  Baneling x6  
  199  11:31  Baneling  
  195  11:46  Mutalisk x3  
  195  11:47  Zergling x26  
  185  11:52  Mutalisk  
  185  11:53  Zergling x8  
  172  11:57  Mutalisk  
  172  11:58  Zergling x6  
  144  12:01  Mutalisk  
  144  12:02  Zergling x4  
  144  12:13  Mutalisk x3  
  144  12:14  Zergling x10  
  148  12:19  Roach x3  
  144  12:27  Zergling x16  
  141  12:35  Zergling x16  
  128  12:40  Drone x5  
  128  12:41  Drone  
  128  12:42  Drone  
  128  12:43  Drone  
  136  12:44  Drone  
  136  12:47  Spore Crawler  
  136  12:52  Roach  
Show
View Real Time Build Order
Export as new Build Order

Nina Protoss - Winner!

Build Orders: 1 Gate Expand, Oracle Opening 

Get SALT Encoding   

  12  0:00  Probe  
  13  0:12  Probe  
  14  0:20  Pylon  
  14  0:24  Probe  
  15  0:38  Probe (Chrono Boost)  
  15  0:40  Gateway  
  16  0:46  Probe (Chrono Boost)  
  17  0:50  Assimilator  
  17  0:52  Probe  
  18  1:04  Probe  
  19  1:16  Probe  
  20  1:25  Nexus  
  20  1:34  Cybernetics Core  
  20  1:38  Probe  
  21  1:48  Assimilator  
  21  1:50  Probe  
  22  1:56  Pylon  
  22  2:02  Probe  
  23  2:12  Adept (Chrono Boost)  
  23  2:14  Probe (Chrono Boost)  
  26  2:25  Stargate  
  26  2:26  Probe (Chrono Boost)  
  27  2:31  Probe (Chrono Boost)  
  27  2:33  Adept (Chrono Boost)  
  30  2:38  Probe  
  30  2:39  Warp Gate  
  30  2:40  Probe  
  32  2:50  Probe  
  33  2:52  Probe  
  34  3:02  Probe  
  34  3:04  Probe  
  36  3:07  Oracle (Chrono Boost)  
  39  3:14  Probe  
  39  3:17  Probe  
  41  3:25  Nexus  
  41  3:26  Probe  
  42  3:28  Pylon  
  42  3:29  Probe  
  43  3:36  Gateway  
  43  3:38  Probe  
  43  3:41  Probe  
  45  3:50  Probe  
  45  3:51  Shield Battery  
  45  3:53  Probe  
  51  3:57  Void Ray (Chrono Boost)  
  52  4:02  Probe  
  52  4:05  Probe  
  53  4:13  Pylon  
  53  4:15  Probe  
  54  4:24  Pylon  
  54  4:27  Forge  
  56  4:31  Probe x2  
  56  4:39  Probe (Chrono Boost)  
  56  4:40  Nexus  
  63  4:48  Void Ray, Probe x2 (Chrono Boost)  
  63  4:49  Protoss Ground Weapons Level 1  
  63  4:50  Twilight Council  
  63  4:51  Probe (Chrono Boost)  
  64  4:57  Probe (Chrono Boost)  
  64  4:59  Probe (Chrono Boost)  
  67  5:01  Probe (Chrono Boost)  
  67  5:04  Probe (Chrono Boost)  
  68  5:07  Probe (Chrono Boost)  
  68  5:09  Probe  
  68  5:10  Stalker  
  68  5:11  Stalker  
  68  5:13  Pylon, Probe (Chrono Boost)  
  76  5:21  Probe (Chrono Boost)  
  76  5:23  Probe (Chrono Boost)  
  76  5:27  Assimilator  
  76  5:28  Blink, Assimilator  
  78  5:31  Probe (Chrono Boost)  
  78  5:32  Gateway  
  78  5:34  Probe (Chrono Boost)  
  78  5:35  Gateway  
  80  5:36  Probe (Chrono Boost)  
  80  5:38  Gateway  
  80  5:40  Probe, Pylon  
  81  5:44  Probe  
  83  5:50  Probe (Chrono Boost)  
  83  5:52  Stalker, Probe (Chrono Boost)  
  83  5:53  Stalker  
  83  5:54  Probe (Chrono Boost)  
  90  6:00  Probe (Chrono Boost)  
  90  6:01  Pylon  
  92  6:04  Probe (Chrono Boost)  
  92  6:05  Gateway  
  92  6:07  Gateway, Probe (Chrono Boost)  
  92  6:09  Pylon  
  92  6:10  Gateway, Probe (Chrono Boost)  
  94  6:13  Probe (Chrono Boost)  
  94  6:17  Stalker x2, Probe (Chrono Boost)  
  94  6:18  Probe (Chrono Boost)  
  100  6:24  Probe x2 (Chrono Boost)  
  100  6:25  Probe (Chrono Boost)  
  103  6:27  Gateway  
  103  6:29  Photon Cannon, Shield Battery  
  103  6:31  Shield Battery  
  103  6:32  Stalker x2  
  108  6:35  Probe (Chrono Boost)  
  108  6:39  Templar Archives, Probe x2 (Chrono Boost)  
  111  6:40  Probe (Chrono Boost)  
  111  6:41  Assimilator  
  111  6:43  Assimilator, Probe (Chrono Boost)  
  111  6:45  Probe x2  
  114  6:48  Probe  
  114  6:52  Stalker x3  
  121  7:01  Stalker x3  
  127  7:03  Shield Battery  
  127  7:07  Shield Battery  
  125  7:09  Photon Cannon  
  125  7:10  Shield Battery  
  125  7:12  Photon Cannon  
  125  7:17  Stalker x2  
  129  7:25  Photon Cannon  
  129  7:26  Stalker x3  
  129  7:35  Stalker  
  131  7:40  Pylon x2  
  131  7:42  Pylon x2  
  129  7:44  Shield Battery  
  129  7:48  Probe  
  129  7:50  Assimilator, Stalker x3  
  129  7:51  Assimilator  
  132  7:52  Pylon  
  132  7:58  Gateway  
  132  8:00  Gateway  
  132  8:01  Stalker x5  
  142  8:05  Robotics Facility  
  142  8:06  Probe x3  
  142  8:08  Nexus, Probe  
  142  8:09  Photon Cannon  
  146  8:18  Probe  
  145  8:25  Stalker x8  
  157  8:34  Protoss Ground Weapons Level 2 (Chrono Boost)  
  149  8:36  Probe (Chrono Boost)  
  149  8:38  Probe (Chrono Boost)  
  149  8:40  Probe (Chrono Boost)  
  149  8:41  Probe (Chrono Boost)  
  153  8:42  Pylon  
  153  8:45  Pylon  
  153  8:48  Psionic Storm  
  154  8:50  Forge  
  154  8:52  Probe x2 (Chrono Boost)  
  154  8:55  Probe x2 (Chrono Boost)  
  157  8:56  Observer  
  157  8:58  Probe (Chrono Boost)  
  157  9:00  Probe (Chrono Boost)  
  162  9:10  Zealot x4, Probe x2 (Chrono Boost)  
  162  9:11  Zealot x5  
  162  9:15  Zealot x2  
  175  9:23  Probe (Chrono Boost)  
  166  9:27  Protoss Shields Level 1 (Chrono Boost)  
  166  9:31  Probe (Chrono Boost)  
  170  9:32  Probe (Chrono Boost)  
  170  9:34  High Templar x2, Probe x2 (Chrono Boost)  
  170  9:35  High Templar x2  
  170  9:37  Nexus  
  170  9:38  Probe (Chrono Boost)  
  179  9:43  Probe (Chrono Boost)  
  180  9:48  Warp Prism (Chrono Boost), Shield Battery  
  180  9:50  Photon Cannon  
  180  9:52  Photon Cannon x2  
  180  9:53  Photon Cannon  
  180  9:56  Assimilator  
  180  9:59  High Templar x2, Assimilator  
  184  10:01  Stalker x2  
  184  10:02  Stalker x2  
  184  10:03  Stalker  
  184  10:06  Shield Battery  
  192  10:12  Stalker x4  
  199  10:21  Photon Cannon  
  197  10:23  Phoenix (Chrono Boost)  
  197  10:24  Probe  
  196  10:33  Probe  
  196  10:34  Probe  
  198  10:39  Phoenix  
  199  10:49  Probe  
  200  10:53  Photon Cannon  
  200  11:04  Pylon  
  178  11:12  Zealot x7  
  178  11:16  Warp Prism  
  175  11:19  Probe  
  175  11:20  Probe x2  
  178  11:26  Photon Cannon  
  178  11:28  Probe  
  178  11:30  Photon Cannon  
  178  11:32  Probe  
  180  11:34  Photon Cannon, Probe  
  180  11:35  Photon Cannon  
  180  11:36  Probe  
  180  11:37  Probe  
  183  11:40  Photon Cannon, Stalker x3  
  183  11:41  Stalker x5  
  151  11:57  Archon x2  
  151  12:00  Probe  
  147  12:04  Stalker x10  
  147  12:05  Probe  
  147  12:08  Probe x2  
  167  12:09  Probe x2  
  167  12:10  Pylon  
  167  12:13  Pylon, Probe  
  168  12:18  Probe  
  168  12:20  Probe x2  
  168  12:21  Probe x2  
  168  12:22  Photon Cannon  
  157  12:25  Probe  
  153  12:30  Probe  
  153  12:32  Stalker x2, Probe  
  153  12:34  Stalker x2  
  153  12:35  Stalker  
  156  12:38  Stalker x4  
  156  12:39  Stalker  
  166  12:57  Stalker x3  
  166  13:00  Stalker x3  
  166  13:04  Stalker x2  
  166  13:05  Stalker x3  
Tags
 
Add a new tag
Caveats
  • Supply blocks, unpowered buildings, or Contaminate may cause inaccurate times.
  • Supply counts are checked every 10 seconds.